[ AOE2 MATCH · #465395324 ]
Team RMVietnamese vs Vietnamese
[ REPLAY ANALYSIS · EXTRACTED FROM THE RECORDED GAME ]
Feudal
13:45
Castle
17:48
Imperial
—
| APM avg | 53.5 |
| APM peak | 80 |
| eAPM avg | 33.6 |
| Villagers / military | 52 / 10 |
Focus
⚔️ 19.9% · 🌾 80.1%
Fishing Ship ×13 · Rattan Archer ×10
Feudal
13:59
Castle
18:30
Imperial
—
| APM avg | 29.5 |
| APM peak | 62 |
| eAPM avg | 15.7 |
| Villagers / military | 71 / 0 |
Focus
⚔️ 18.4% · 🌾 81.6%
Fishing Ship ×8
Feudal
14:38
Castle
19:09
Imperial
—
| APM avg | 20.6 |
| APM peak | 59 |
| eAPM avg | 11.8 |
| Villagers / military | 41 / 0 |
Focus
⚔️ 18.4% · 🌾 81.6%
Fishing Ship ×3
Feudal
13:30
Castle
—
Imperial
—
| APM avg | 36.8 |
| APM peak | 112 |
| eAPM avg | 13.3 |
| Villagers / military | 39 / 26 |
Focus
⚔️ 38.4% · 🌾 61.6%
Galley ×26 · Fishing Ship ×10 · Unknown (2626) ×6
Feudal
13:08
Castle
21:18
Imperial
—
| APM avg | 45.1 |
| APM peak | 101 |
| eAPM avg | 17.6 |
| Villagers / military | 56 / 35 |
Focus
⚔️ 34.4% · 🌾 65.6%
Galley ×32 · Fishing Ship ×19 · Transport Ship ×3
Feudal
12:37
Castle
16:57
Imperial
—
| APM avg | 27.8 |
| APM peak | 59 |
| eAPM avg | 13.3 |
| Villagers / military | 53 / 12 |
Focus
⚔️ 25.8% · 🌾 74.2%
Conquistador ×12 · Fishing Ship ×10
Feudal
13:36
Castle
17:34
Imperial
—
| APM avg | 36.7 |
| APM peak | 74 |
| eAPM avg | 19.2 |
| Villagers / military | 40 / 13 |
Focus
⚔️ 34.9% · 🌾 65.1%
Fishing Ship ×13 · Conquistador ×13
Feudal
14:25
Castle
18:44
Imperial
—
| APM avg | 22.7 |
| APM peak | 47 |
| eAPM avg | 10.9 |
| Villagers / military | 54 / 0 |
Focus
⚔️ 7.7% · 🌾 92.3%
Fishing Ship ×19
Match map
Initial resources + every placement click. Lines = walls · curves = elevation contours. ◆ gold · ⬟ stone · ● berries · ✦ relic · ◌ wall gap
Your base· Open — unwalled flank
WalterWhite's base· Open — 9t gap
Quinton_'s base· Open — 3t gap
HATamaTAH's base· Open — 14t gap
Jjota's base· Open — 6t gap
Hakka1_90's base· Open — 8t gap
kingofarena's base· Open — 5t gap
Crizz Mx's base· Open — 15t gap
Smoothed initial terrain · ◌ = detected wall gap · hover for details
Inputs per minute
— Elite Female Villager - - WalterWhite
Build order — Elite Female Villager
122 actions detected in the replay
| 0:10 | Build | House |
| 0:31 | Build | Town Center |
| 1:01 | Build | Dock |
| 1:02 | Build | Palisade Wall |
| 1:07 | Build | Palisade Wall |
| 2:50 | Create | Villager (Male) |
| 2:50 | Create | Villager (Male) |
| 3:01 | Create | Villager (Male) |
| 3:01 | Create | Villager (Male) |
| 3:01 | Create | Villager (Male) |
| 3:54 | Create | Villager (Male) |
| 3:54 | Create | Villager (Male) |
| 4:05 | Create | Fishing Ship |
| 4:26 | Research | Loom |
| 4:26 | Create | Villager (Male) |
| 4:26 | Create | Villager (Male) |
| 4:39 | Build | House |
| 4:58 | Create | Fishing Ship |
| 4:59 | Create | Fishing Ship |
| 5:29 | Create | Villager (Male) |
| 5:30 | Create | Villager (Male) |
| 6:00 | Create | Villager (Male) |
| 6:00 | Create | Villager (Male) |
| 6:12 | Build | House |
| 6:19 | Create | Fishing Ship |
| 6:19 | Create | Fishing Ship |
| 6:26 | Create | Villager (Male) |
| 6:27 | Create | Villager (Male) |
| 6:48 | Create | Villager (Male) |
| 6:48 | Create | Villager (Male) |
| 6:48 | Create | Villager (Male) |
| 7:09 | Create | Villager (Male) |
| 7:24 | Create | Fishing Ship |
| 7:32 | Create | Villager (Male) |
| 7:32 | Create | Villager (Male) |
| 7:47 | Create | Villager (Male) |
| 7:47 | Create | Villager (Male) |
| 7:51 | Build | House |
| 8:03 | Create | Villager (Male) |
| 8:04 | Create | Villager (Male) |
| 8:04 | Create | Fishing Ship |
| 8:05 | Create | Fishing Ship |
| 8:13 | Create | Villager (Male) |
| 8:13 | Create | Villager (Male) |
| 8:40 | Create | Villager (Male) |
| 8:40 | Create | Fishing Ship |
| 9:00 | Build | House |
| 9:05 | Create | Villager (Male) |
| 9:14 | Create | Villager (Male) |
| 9:20 | Create | Fishing Ship |
| 10:04 | Build | Mill |
| 10:07 | Create | Villager (Male) |
| 10:31 | Build | Mining Camp |
| 10:35 | Build | Mining Camp |
| 11:03 | Create | Villager (Male) |
| 11:07 | Create | Fishing Ship |
| 11:15 | Build | House |
| 11:35 | Research | Feudal Age |
| 11:35 | Research | Feudal Age |
| 11:36 | Research | Feudal Age |
| 11:52 | Build | Lumber Camp |
| 13:11 | Create | Villager (Male) |
| 13:45 | Age | Feudal Age |
| 13:49 | Build | Market |
| 13:59 | Build | Blacksmith |
| 14:00 | Create | Villager (Male) |
| 14:29 | Create | Villager (Male) |
| 14:42 | Build | House |
| 15:04 | Build | Mining Camp |
| 15:08 | Research | Castle Age |
| 15:08 | Research | Castle Age |
| 15:32 | Create | Fishing Ship |
| 15:53 | Research | Double-Bit Axe |
| 16:34 | Research | Fletching |
| 16:34 | Research | Gold Mining |
| 16:42 | Research | Gold Mining |
| 16:44 | Create | Fishing Ship |
| 17:00 | Create | Villager (Male) |
| 17:36 | Build | House |
| 17:48 | Age | Castle Age |
| 17:52 | Research | Bow Saw |
| 17:54 | Create | Villager (Male) |
| 18:29 | Build | Castle |
| 18:31 | Create | Villager (Male) |
| 18:57 | Create | Villager (Male) |
| 19:11 | Build | Town Center |
| 19:15 | Create | Villager (Male) |
| 19:30 | Research | Horse Collar |
| 19:31 | Research | Horse Collar |
| 19:33 | Research | Tech 906 |
| 19:34 | Create | Rattan Archer |
| 19:34 | Create | Rattan Archer |
| 19:35 | Create | Villager (Male) |
| 19:42 | Create | Rattan Archer |
| 19:59 | Build | Farm |
| 20:05 | Create | Villager (Male) |
| 20:07 | Build | Farm |
| 20:10 | Build | Farm |
| 20:11 | Create | Rattan Archer |
| 20:11 | Create | Rattan Archer |
| 20:47 | Research | Bodkin Arrow |
| 21:15 | Create | Villager (Male) |
| 21:25 | Create | Villager (Male) |
| 21:27 | Create | Villager (Male) |
| 21:35 | Create | Villager (Male) |
| 21:39 | Create | Rattan Archer |
| 21:42 | Create | Villager (Male) |
| 21:45 | Build | Farm |
| 21:47 | Build | Farm |
| 21:48 | Build | Farm |
| 21:54 | Create | Rattan Archer |
| 22:00 | Build | Farm |
| 22:14 | Create | Rattan Archer |
| 22:15 | Create | Villager (Male) |
| 22:24 | Create | Rattan Archer |
| 22:25 | Create | Villager (Male) |
| 22:25 | Create | Villager (Male) |
| 22:29 | Build | Farm |
| 22:40 | Create | Rattan Archer |
| 22:40 | Create | Villager (Male) |
| 22:41 | Create | Villager (Male) |
| 22:44 | Build | Farm |
Build order — WalterWhite
135 actions detected in the replay
| 0:05 | Build | Town Center |
| 0:51 | Build | Dock |
| 0:53 | Build | House |
| 2:36 | Create | Villager (Male) |
| 2:36 | Create | Villager (Male) |
| 2:36 | Create | Villager (Male) |
| 2:37 | Create | Villager (Male) |
| 3:51 | Create | Fishing Ship |
| 4:11 | Create | Villager (Male) |
| 4:11 | Create | Villager (Male) |
| 4:39 | Build | House |
| 4:44 | Create | Villager (Male) |
| 4:44 | Create | Villager (Male) |
| 5:04 | Create | Villager (Male) |
| 5:04 | Create | Villager (Male) |
| 5:10 | Build | House |
| 5:27 | Create | Villager (Male) |
| 5:28 | Create | Villager (Male) |
| 5:58 | Create | Villager (Male) |
| 5:59 | Create | Villager (Male) |
| 6:15 | Create | Villager (Male) |
| 6:16 | Create | Villager (Male) |
| 6:18 | Create | Fishing Ship |
| 6:40 | Create | Villager (Male) |
| 6:40 | Create | Villager (Male) |
| 6:52 | Create | Villager (Male) |
| 6:52 | Create | Villager (Male) |
| 6:56 | Create | Fishing Ship |
| 7:17 | Create | Villager (Male) |
| 7:17 | Create | Villager (Male) |
| 7:44 | Create | Villager (Male) |
| 7:44 | Create | Villager (Male) |
| 7:55 | Build | House |
| 8:04 | Create | Fishing Ship |
| 8:12 | Create | Villager (Male) |
| 8:13 | Create | Villager (Male) |
| 8:13 | Create | Villager (Male) |
| 8:17 | Build | House |
| 8:50 | Create | Fishing Ship |
| 8:52 | Create | Villager (Male) |
| 8:52 | Create | Villager (Male) |
| 8:55 | Build | Mill |
| 9:21 | Create | Villager (Male) |
| 9:44 | Create | Villager (Male) |
| 9:49 | Create | Fishing Ship |
| 10:19 | Build | Mining Camp |
| 10:29 | Create | Villager (Male) |
| 10:35 | Build | House |
| 10:46 | Create | Villager (Male) |
| 11:10 | Build | Mining Camp |
| 11:13 | Research | Loom |
| 11:22 | Research | Feudal Age |
| 12:05 | Build | Dock |
| 12:18 | Build | Outpost |
| 12:57 | Build | House |
| 13:32 | Create | Villager (Male) |
| 13:32 | Create | Villager (Male) |
| 13:37 | Build | Lumber Camp |
| 13:47 | Build | Palisade Wall |
| 13:59 | Age | Feudal Age |
| 14:05 | Create | Villager (Male) |
| 14:15 | Build | Market |
| 14:19 | Build | Blacksmith |
| 15:20 | Build | Watch Tower |
| 15:22 | Research | Fletching |
| 15:22 | Create | Villager (Male) |
| 15:22 | Create | Villager (Male) |
| 15:28 | Create | Villager (Male) |
| 15:50 | Research | Castle Age |
| 16:07 | Build | Mining Camp |
| 16:20 | Create | Fishing Ship |
| 16:22 | Create | Fishing Ship |
| 16:30 | Build | House |
| 16:43 | Research | Double-Bit Axe |
| 16:49 | Research | Stone Mining |
| 17:59 | Build | Outpost |
| 18:30 | Age | Castle Age |
| 18:33 | Build | Outpost |
| 18:36 | Create | Villager (Male) |
| 18:36 | Create | Villager (Male) |
| 18:42 | Build | Town Center |
| 18:55 | Build | Outpost |
| 19:03 | Create | Villager (Male) |
| 19:08 | Build | Town Center |
| 19:21 | Create | Villager (Male) |
| 19:21 | Create | Villager (Male) |
| 19:30 | Build | Town Center |
| 19:31 | Create | Villager (Male) |
| 19:31 | Create | Villager (Male) |
| 19:31 | Create | Villager (Male) |
| 20:04 | Research | Bodkin Arrow |
| 20:31 | Create | Villager (Male) |
| 20:31 | Create | Villager (Male) |
| 20:31 | Create | Villager (Male) |
| 20:32 | Create | Villager (Male) |
| 20:32 | Create | Villager (Male) |
| 20:47 | Create | Villager (Male) |
| 20:47 | Create | Villager (Male) |
| 20:47 | Create | Villager (Male) |
| 21:09 | Build | Farm |
| 21:13 | Build | Farm |
| 21:30 | Create | Villager (Male) |
| 21:31 | Create | Villager (Male) |
| 21:31 | Create | Villager (Male) |
| 21:38 | Create | Villager (Male) |
| 21:38 | Create | Villager (Male) |
| 21:46 | Create | Villager (Male) |
| 21:47 | Create | Villager (Male) |
| 21:47 | Create | Villager (Male) |
| 21:50 | Build | House |
| 21:55 | Build | Farm |
| 21:57 | Build | Farm |
| 21:58 | Build | Farm |
| 22:00 | Build | Farm |
| 22:02 | Build | Farm |
| 22:05 | Build | Farm |
| 22:08 | Build | Farm |
| 22:09 | Create | Villager (Male) |
| 22:10 | Create | Villager (Male) |
| 22:17 | Build | House |
| 22:23 | Build | House |
| 22:27 | Build | Farm |
| 22:29 | Create | Villager (Male) |
| 22:29 | Create | Villager (Male) |
| 22:35 | Build | Farm |
| 22:36 | Build | Farm |
| 22:38 | Build | Mill |
| 22:39 | Build | Farm |
| 22:41 | Build | Farm |
| 22:45 | Create | Villager (Male) |
| 22:46 | Create | Villager (Male) |
| 22:46 | Create | Villager (Male) |
| 22:46 | Create | Villager (Male) |
| 22:51 | Build | Farm |
| 22:52 | Build | Farm |
Build order — Quinton_
80 actions detected in the replay
| 0:26 | Build | Town Center |
| 0:41 | Build | Dock |
| 0:43 | Build | Palisade Wall |
| 0:44 | Build | Palisade Wall |
| 2:46 | Create | Villager (Male) |
| 2:46 | Create | Villager (Male) |
| 2:47 | Create | Villager (Male) |
| 2:47 | Create | Villager (Male) |
| 4:33 | Create | Villager (Male) |
| 4:34 | Create | Villager (Male) |
| 4:58 | Create | Villager (Male) |
| 4:58 | Create | Villager (Male) |
| 5:03 | Build | House |
| 5:04 | Build | House |
| 5:22 | Create | Villager (Male) |
| 5:39 | Create | Villager (Male) |
| 5:44 | Create | Villager (Male) |
| 5:44 | Create | Villager (Male) |
| 6:09 | Create | Villager (Male) |
| 6:09 | Create | Villager (Male) |
| 6:40 | Create | Villager (Male) |
| 6:41 | Create | Villager (Male) |
| 7:20 | Create | Villager (Male) |
| 7:20 | Create | Villager (Male) |
| 7:48 | Create | Fishing Ship |
| 8:14 | Create | Villager (Male) |
| 8:14 | Create | Villager (Male) |
| 8:19 | Build | House |
| 8:29 | Create | Villager (Male) |
| 8:40 | Create | Villager (Male) |
| 8:55 | Create | Villager (Male) |
| 8:59 | Build | House |
| 9:00 | Build | House |
| 9:05 | Create | Villager (Male) |
| 9:06 | Create | Villager (Male) |
| 9:35 | Create | Fishing Ship |
| 9:35 | Create | Fishing Ship |
| 10:27 | Create | Villager (Male) |
| 10:27 | Create | Villager (Male) |
| 10:34 | Build | House |
| 10:35 | Build | House |
| 10:45 | Create | Villager (Male) |
| 11:02 | Build | Mill |
| 11:57 | Build | Farm |
| 11:58 | Build | Farm |
| 11:59 | Build | Farm |
| 12:00 | Build | Farm |
| 12:04 | Build | Farm |
| 12:05 | Build | Farm |
| 12:05 | Build | Farm |
| 12:08 | Create | Villager (Male) |
| 12:17 | Research | Feudal Age |
| 13:24 | Build | Mining Camp |
| 14:38 | Age | Feudal Age |
| 14:41 | Create | Villager (Male) |
| 14:41 | Create | Villager (Male) |
| 14:41 | Create | Villager (Male) |
| 14:48 | Build | Market |
| 15:01 | Build | Blacksmith |
| 15:04 | Create | Villager (Male) |
| 16:05 | Create | Villager (Male) |
| 16:10 | Build | Farm |
| 16:10 | Build | Farm |
| 16:29 | Research | Castle Age |
| 17:16 | Research | Stone Mining |
| 17:49 | Research | Horse Collar |
| 17:54 | Build | Lumber Camp |
| 17:57 | Research | Wheelbarrow |
| 18:01 | Research | Loom |
| 18:02 | Research | Wheelbarrow |
| 18:59 | Create | Villager (Male) |
| 19:09 | Age | Castle Age |
| 20:20 | Build | Castle |
| 20:35 | Create | Villager (Male) |
| 20:35 | Create | Villager (Male) |
| 21:40 | Create | Villager (Male) |
| 21:40 | Create | Villager (Male) |
| 21:40 | Create | Villager (Male) |
| 21:40 | Create | Villager (Male) |
| 21:49 | Build | Town Center |
Build order — HATamaTAH
122 actions detected in the replay
| 0:20 | Build | Town Center |
| 2:41 | Create | Villager (Male) |
| 2:41 | Create | Villager (Male) |
| 2:41 | Create | Villager (Male) |
| 2:41 | Create | Villager (Male) |
| 2:42 | Create | Villager (Male) |
| 2:52 | Build | House |
| 3:34 | Build | Dock |
| 4:11 | Create | Fishing Ship |
| 4:23 | Research | Loom |
| 4:40 | Create | Villager (Male) |
| 4:41 | Create | Villager (Male) |
| 5:12 | Create | Villager (Male) |
| 5:12 | Create | Villager (Male) |
| 5:12 | Create | Villager (Male) |
| 5:42 | Create | Villager (Male) |
| 5:45 | Create | Fishing Ship |
| 6:06 | Create | Villager (Male) |
| 6:12 | Create | Villager (Male) |
| 6:13 | Create | Villager (Male) |
| 6:27 | Build | House |
| 6:47 | Create | Villager (Male) |
| 6:57 | Create | Fishing Ship |
| 6:57 | Create | Fishing Ship |
| 7:21 | Create | Villager (Male) |
| 7:44 | Build | House |
| 7:52 | Build | House |
| 7:55 | Create | Villager (Male) |
| 7:57 | Create | Fishing Ship |
| 8:11 | Create | Villager (Male) |
| 8:39 | Create | Fishing Ship |
| 8:43 | Create | Villager (Male) |
| 8:43 | Create | Villager (Male) |
| 9:01 | Create | Villager (Male) |
| 9:01 | Create | Villager (Male) |
| 9:01 | Create | Villager (Male) |
| 9:13 | Build | House |
| 9:17 | Create | Fishing Ship |
| 9:59 | Build | Lumber Camp |
| 10:22 | Build | House |
| 10:38 | Create | Fishing Ship |
| 10:47 | Create | Villager (Male) |
| 11:20 | Research | Feudal Age |
| 11:20 | Research | Feudal Age |
| 11:37 | Build | Palisade Wall |
| 12:00 | Build | Mining Camp |
| 12:19 | Create | Fishing Ship |
| 12:25 | Build | Dock |
| 12:46 | Build | Palisade Wall |
| 13:05 | Build | Dock |
| 13:23 | Build | Palisade Wall |
| 13:30 | Age | Feudal Age |
| 13:31 | Create | Villager (Male) |
| 13:33 | Create | Unit 2626 |
| 13:34 | Create | Unit 2626 |
| 13:40 | Create | Villager (Male) |
| 13:45 | Research | Double-Bit Axe |
| 13:46 | Research | Double-Bit Axe |
| 13:46 | Research | Gold Mining |
| 13:46 | Research | Gold Mining |
| 14:08 | Build | Palisade Gate |
| 14:14 | Create | Unit 2626 |
| 14:15 | Create | Unit 2626 |
| 14:15 | Create | Unit 2626 |
| 14:22 | Build | Dock |
| 14:34 | Build | House |
| 14:41 | Create | Villager (Male) |
| 14:49 | Create | Unit 2626 |
| 15:07 | Create | Galley |
| 15:08 | Create | Galley |
| 15:10 | Create | Villager (Male) |
| 15:26 | Build | Blacksmith |
| 15:28 | Create | Villager (Male) |
| 16:42 | Research | Fletching |
| 16:42 | Research | Fletching |
| 16:43 | Create | Galley |
| 16:44 | Create | Galley |
| 16:45 | Create | Galley |
| 16:45 | Create | Fishing Ship |
| 16:48 | Build | Dock |
| 17:25 | Create | Galley |
| 17:27 | Create | Galley |
| 17:27 | Create | Galley |
| 17:29 | Create | Galley |
| 17:30 | Create | Galley |
| 17:31 | Create | Villager (Male) |
| 17:31 | Create | Villager (Male) |
| 17:46 | Build | Barracks |
| 17:53 | Build | Palisade Gate |
| 17:57 | Build | Palisade Wall |
| 18:05 | Build | Palisade Gate |
| 18:07 | Build | House |
| 18:16 | Create | Galley |
| 18:52 | Create | Villager (Male) |
| 19:08 | Create | Villager (Male) |
| 19:32 | Create | Galley |
| 19:32 | Create | Galley |
| 19:32 | Create | Galley |
| 19:37 | Build | Mill |
| 19:46 | Build | House |
| 20:19 | Create | Galley |
| 20:19 | Create | Galley |
| 20:19 | Create | Galley |
| 20:22 | Create | Villager (Male) |
| 20:27 | Build | Mining Camp |
| 20:47 | Create | Galley |
| 20:50 | Create | Galley |
| 20:51 | Create | Galley |
| 21:01 | Create | Villager (Male) |
| 21:01 | Create | Villager (Male) |
| 21:02 | Create | Villager (Male) |
| 21:08 | Build | House |
| 21:11 | Build | Palisade Wall |
| 21:19 | Build | Market |
| 21:47 | Create | Galley |
| 21:47 | Create | Galley |
| 21:48 | Create | Galley |
| 21:48 | Create | Galley |
| 21:48 | Create | Galley |
| 21:48 | Create | Galley |
| 22:02 | Create | Villager (Male) |
| 22:02 | Create | Villager (Male) |
Build order — Jjota
150 actions detected in the replay
| 0:07 | Build | Town Center |
| 1:16 | Build | Dock |
| 1:17 | Build | House |
| 2:38 | Create | Villager (Male) |
| 2:38 | Create | Villager (Male) |
| 2:39 | Create | Villager (Male) |
| 2:39 | Create | Villager (Male) |
| 2:39 | Create | Villager (Male) |
| 2:39 | Create | Villager (Male) |
| 4:00 | Create | Fishing Ship |
| 4:00 | Create | Fishing Ship |
| 4:00 | Create | Fishing Ship |
| 4:06 | Build | House |
| 4:28 | Research | Loom |
| 4:46 | Create | Fishing Ship |
| 4:46 | Create | Fishing Ship |
| 4:47 | Create | Fishing Ship |
| 5:00 | Create | Villager (Male) |
| 5:00 | Create | Villager (Male) |
| 5:00 | Create | Villager (Male) |
| 5:00 | Create | Villager (Male) |
| 5:10 | Create | Fishing Ship |
| 5:11 | Create | Fishing Ship |
| 5:11 | Create | Fishing Ship |
| 5:37 | Create | Villager (Male) |
| 5:38 | Create | Villager (Male) |
| 5:38 | Create | Villager (Male) |
| 5:49 | Build | House |
| 6:07 | Create | Villager (Male) |
| 6:07 | Create | Villager (Male) |
| 6:07 | Create | Villager (Male) |
| 6:37 | Create | Villager (Male) |
| 6:37 | Create | Villager (Male) |
| 6:37 | Create | Villager (Male) |
| 6:43 | Build | House |
| 6:45 | Create | Fishing Ship |
| 6:51 | Create | Villager (Male) |
| 6:52 | Create | Villager (Male) |
| 6:52 | Create | Villager (Male) |
| 7:13 | Create | Fishing Ship |
| 7:14 | Create | Fishing Ship |
| 7:24 | Create | Villager (Male) |
| 7:25 | Create | Villager (Male) |
| 7:25 | Create | Villager (Male) |
| 7:31 | Build | House |
| 7:47 | Create | Villager (Male) |
| 7:47 | Create | Villager (Male) |
| 7:48 | Create | Villager (Male) |
| 8:11 | Create | Villager (Male) |
| 8:11 | Create | Villager (Male) |
| 8:11 | Create | Villager (Male) |
| 8:11 | Create | Villager (Male) |
| 8:13 | Create | Fishing Ship |
| 8:13 | Create | Fishing Ship |
| 8:14 | Create | Fishing Ship |
| 8:34 | Create | Villager (Male) |
| 8:35 | Create | Villager (Male) |
| 8:35 | Create | Villager (Male) |
| 9:06 | Build | Mill |
| 9:09 | Create | Villager (Male) |
| 9:10 | Create | Villager (Male) |
| 9:10 | Create | Villager (Male) |
| 9:10 | Create | Villager (Male) |
| 9:11 | Create | Fishing Ship |
| 9:45 | Build | House |
| 10:14 | Create | Fishing Ship |
| 10:33 | Create | Villager (Male) |
| 10:41 | Build | Dock |
| 10:52 | Research | Feudal Age |
| 11:24 | Build | Mining Camp |
| 12:01 | Build | Palisade Wall |
| 12:02 | Build | Palisade Wall |
| 12:54 | Create | Villager (Male) |
| 12:55 | Create | Villager (Male) |
| 13:08 | Age | Feudal Age |
| 13:12 | Create | Galley |
| 13:12 | Create | Galley |
| 13:19 | Build | Blacksmith |
| 13:25 | Build | House |
| 13:53 | Create | Villager (Male) |
| 13:53 | Create | Villager (Male) |
| 14:04 | Research | Fletching |
| 14:06 | Create | Galley |
| 14:07 | Create | Galley |
| 14:07 | Create | Galley |
| 14:19 | Build | Lumber Camp |
| 14:49 | Create | Galley |
| 14:53 | Build | House |
| 14:59 | Create | Villager (Male) |
| 14:59 | Create | Villager (Male) |
| 15:00 | Create | Villager (Male) |
| 15:02 | Research | Double-Bit Axe |
| 15:24 | Create | Galley |
| 15:24 | Create | Galley |
| 15:25 | Create | Galley |
| 15:42 | Create | Galley |
| 15:43 | Create | Galley |
| 15:44 | Create | Villager (Male) |
| 15:44 | Create | Villager (Male) |
| 15:52 | Build | House |
| 16:52 | Create | Galley |
| 16:52 | Create | Galley |
| 17:21 | Create | Fishing Ship |
| 17:22 | Create | Transport Ship |
| 17:22 | Create | Transport Ship |
| 17:22 | Create | Transport Ship |
| 17:35 | Build | Dock |
| 17:43 | Create | Galley |
| 17:43 | Create | Galley |
| 17:48 | Create | Villager (Male) |
| 17:48 | Create | Villager (Male) |
| 17:52 | Build | Market |
| 18:14 | Create | Galley |
| 18:17 | Create | Galley |
| 18:17 | Create | Galley |
| 18:24 | Build | House |
| 18:33 | Research | Castle Age |
| 18:42 | Create | Galley |
| 18:42 | Create | Galley |
| 18:42 | Create | Galley |
| 19:00 | Build | House |
| 19:01 | Build | House |
| 19:19 | Build | Dock |
| 20:20 | Create | Galley |
| 20:20 | Create | Galley |
| 20:20 | Create | Galley |
| 20:21 | Create | Galley |
| 20:43 | Create | Fishing Ship |
| 21:18 | Age | Castle Age |
| 21:32 | Research | War Galley (upgrade) |
| 21:35 | Research | Bodkin Arrow |
| 21:47 | Build | House |
| 21:49 | Build | House |
| 21:50 | Create | Villager (Male) |
| 21:50 | Create | Villager (Male) |
| 21:56 | Build | Stone Wall |
| 21:59 | Build | Stone Wall |
| 22:02 | Build | Stone Wall |
| 22:06 | Build | Stone Wall |
| 22:08 | Build | Stone Wall |
| 22:26 | Create | Galley |
| 22:26 | Create | Galley |
| 22:26 | Create | Galley |
| 22:26 | Create | Galley |
| 22:27 | Create | Galley |
| 22:27 | Create | Galley |
| 22:28 | Create | Galley |
| 22:32 | Create | Villager (Male) |
| 22:33 | Create | Villager (Male) |
| 22:33 | Create | Villager (Male) |
Build order — Hakka1_90
123 actions detected in the replay
| 0:09 | Build | Town Center |
| 0:28 | Build | Dock |
| 2:31 | Create | Villager (Male) |
| 2:32 | Create | Villager (Male) |
| 2:32 | Create | Villager (Male) |
| 2:43 | Create | Villager (Male) |
| 3:10 | Create | Fishing Ship |
| 3:10 | Create | Fishing Ship |
| 3:52 | Create | Villager (Male) |
| 4:23 | Build | House |
| 4:29 | Create | Villager (Male) |
| 4:54 | Create | Villager (Male) |
| 4:55 | Create | Villager (Male) |
| 4:56 | Create | Fishing Ship |
| 4:56 | Create | Fishing Ship |
| 5:13 | Create | Villager (Male) |
| 5:32 | Build | House |
| 5:45 | Create | Villager (Male) |
| 6:04 | Create | Fishing Ship |
| 6:15 | Create | Villager (Male) |
| 6:15 | Create | Villager (Male) |
| 6:31 | Create | Villager (Male) |
| 6:31 | Create | Villager (Male) |
| 6:34 | Build | House |
| 6:51 | Build | House |
| 7:02 | Create | Villager (Male) |
| 7:15 | Create | Fishing Ship |
| 7:20 | Create | Villager (Male) |
| 7:20 | Create | Villager (Male) |
| 7:37 | Create | Villager (Male) |
| 7:59 | Create | Villager (Male) |
| 8:15 | Build | Mill |
| 8:26 | Create | Villager (Male) |
| 8:30 | Build | House |
| 8:32 | Create | Villager (Male) |
| 8:53 | Create | Villager (Male) |
| 8:59 | Create | Villager (Male) |
| 9:09 | Create | Villager (Male) |
| 9:34 | Create | Villager (Male) |
| 9:41 | Build | Mining Camp |
| 9:46 | Build | Mining Camp |
| 9:49 | Create | Villager (Male) |
| 10:05 | Create | Fishing Ship |
| 10:16 | Research | Feudal Age |
| 10:36 | Build | Mining Camp |
| 11:01 | Create | Fishing Ship |
| 11:22 | Create | Villager (Male) |
| 11:24 | Create | Villager (Male) |
| 12:20 | Create | Villager (Male) |
| 12:23 | Build | House |
| 12:37 | Age | Feudal Age |
| 12:38 | Build | Market |
| 12:41 | Create | Villager (Male) |
| 13:02 | Build | Blacksmith |
| 13:04 | Build | Stone Wall |
| 13:10 | Create | Villager (Male) |
| 13:31 | Research | Loom |
| 13:36 | Create | Villager (Male) |
| 13:39 | Create | Fishing Ship |
| 13:49 | Build | House |
| 14:08 | Research | Castle Age |
| 14:09 | Research | Castle Age |
| 14:19 | Build | Stone Wall |
| 14:20 | Build | Stone Wall |
| 14:22 | Build | Stone Wall |
| 14:29 | Build | Lumber Camp |
| 15:47 | Research | Double-Bit Axe |
| 15:49 | Research | Horse Collar |
| 16:13 | Create | Villager (Male) |
| 16:15 | Research | Wheelbarrow |
| 16:17 | Create | Fishing Ship |
| 16:34 | Create | Villager (Male) |
| 16:57 | Age | Castle Age |
| 16:59 | Create | Villager (Male) |
| 17:36 | Build | Castle |
| 17:38 | Create | Villager (Male) |
| 17:40 | Research | Bow Saw |
| 18:09 | Build | Town Center |
| 18:14 | Create | Villager (Male) |
| 18:25 | Build | House |
| 18:29 | Build | Palisade Wall |
| 18:32 | Research | Padded Archer Armor |
| 18:44 | Create | Conquistador |
| 18:44 | Create | Conquistador |
| 18:45 | Create | Conquistador |
| 18:50 | Create | Villager (Male) |
| 19:08 | Build | House |
| 19:13 | Build | Farm |
| 19:19 | Create | Villager (Male) |
| 19:25 | Create | Villager (Male) |
| 19:25 | Create | Villager (Male) |
| 19:27 | Create | Villager (Male) |
| 19:28 | Create | Villager (Male) |
| 19:31 | Create | Conquistador |
| 19:42 | Create | Villager (Male) |
| 20:03 | Create | Villager (Male) |
| 20:04 | Create | Villager (Male) |
| 20:07 | Build | Farm |
| 20:09 | Build | Farm |
| 20:10 | Build | Farm |
| 20:16 | Build | House |
| 20:18 | Create | Conquistador |
| 20:18 | Create | Conquistador |
| 20:26 | Create | Villager (Male) |
| 20:32 | Create | Villager (Male) |
| 20:33 | Create | Villager (Male) |
| 20:50 | Create | Conquistador |
| 20:50 | Create | Conquistador |
| 20:53 | Build | Farm |
| 20:54 | Build | Farm |
| 20:55 | Build | Farm |
| 20:56 | Build | Farm |
| 21:30 | Create | Conquistador |
| 21:30 | Create | Conquistador |
| 21:37 | Create | Conquistador |
| 21:37 | Create | Conquistador |
| 21:50 | Build | Farm |
| 21:53 | Build | Farm |
| 21:56 | Build | Farm |
| 21:57 | Create | Villager (Male) |
| 21:57 | Create | Villager (Male) |
| 21:58 | Create | Villager (Male) |
| 21:58 | Create | Villager (Male) |
Build order — kingofarena
100 actions detected in the replay
| 0:24 | Build | Town Center |
| 0:57 | Build | Dock |
| 1:04 | Build | Dock |
| 1:49 | Build | House |
| 2:56 | Create | Villager (Male) |
| 3:04 | Create | Villager (Male) |
| 3:41 | Create | Villager (Male) |
| 3:57 | Create | Fishing Ship |
| 4:04 | Create | Villager (Male) |
| 4:38 | Create | Villager (Male) |
| 4:38 | Create | Villager (Male) |
| 4:46 | Build | House |
| 5:08 | Research | Loom |
| 5:10 | Create | Fishing Ship |
| 5:34 | Create | Villager (Male) |
| 5:34 | Create | Villager (Male) |
| 5:36 | Create | Villager (Male) |
| 6:04 | Create | Villager (Male) |
| 6:21 | Create | Villager (Male) |
| 6:30 | Create | Fishing Ship |
| 6:36 | Create | Villager (Male) |
| 7:03 | Create | Villager (Male) |
| 7:03 | Create | Villager (Male) |
| 7:14 | Build | House |
| 7:36 | Create | Villager (Male) |
| 7:42 | Build | House |
| 7:48 | Create | Villager (Male) |
| 8:03 | Create | Villager (Male) |
| 8:03 | Create | Villager (Male) |
| 8:03 | Create | Villager (Male) |
| 8:07 | Create | Villager (Male) |
| 8:12 | Create | Fishing Ship |
| 8:32 | Create | Villager (Male) |
| 8:57 | Create | Villager (Male) |
| 9:11 | Build | Mill |
| 9:16 | Build | House |
| 9:18 | Create | Villager (Male) |
| 9:21 | Build | House |
| 9:41 | Create | Villager (Male) |
| 10:11 | Create | Villager (Male) |
| 10:15 | Build | Mill |
| 10:58 | Research | Feudal Age |
| 10:58 | Create | Villager (Male) |
| 11:01 | Create | Villager (Male) |
| 11:09 | Research | Feudal Age |
| 11:41 | Build | Mining Camp |
| 12:12 | Create | Fishing Ship |
| 12:14 | Build | House |
| 13:36 | Age | Feudal Age |
| 13:43 | Build | Blacksmith |
| 13:44 | Create | Villager (Male) |
| 14:02 | Build | Market |
| 14:03 | Create | Villager (Male) |
| 14:54 | Research | Castle Age |
| 14:54 | Research | Castle Age |
| 14:54 | Research | Castle Age |
| 14:55 | Research | Castle Age |
| 14:59 | Build | Mining Camp |
| 15:19 | Build | Lumber Camp |
| 15:37 | Build | House |
| 16:41 | Create | Fishing Ship |
| 17:11 | Build | Dock |
| 17:18 | Build | Dock |
| 17:25 | Create | Villager (Male) |
| 17:34 | Age | Castle Age |
| 17:41 | Build | Castle |
| 17:46 | Create | Villager (Male) |
| 17:53 | Create | Fishing Ship |
| 18:07 | Create | Fishing Ship |
| 18:15 | Research | Double-Bit Axe |
| 18:16 | Research | Double-Bit Axe |
| 18:23 | Research | Gold Mining |
| 18:31 | Create | Villager (Male) |
| 18:49 | Create | Villager (Male) |
| 18:54 | Create | Conquistador |
| 18:54 | Create | Conquistador |
| 19:11 | Create | Conquistador |
| 19:23 | Create | Fishing Ship |
| 19:27 | Create | Fishing Ship |
| 19:27 | Create | Fishing Ship |
| 19:33 | Create | Villager (Male) |
| 19:39 | Create | Conquistador |
| 19:55 | Create | Conquistador |
| 20:08 | Create | Villager (Male) |
| 20:16 | Create | Conquistador |
| 20:30 | Create | Fishing Ship |
| 20:40 | Create | Fishing Ship |
| 21:22 | Research | Padded Archer Armor |
| 21:23 | Create | Villager (Male) |
| 21:23 | Create | Villager (Male) |
| 21:31 | Create | Conquistador |
| 21:31 | Create | Conquistador |
| 21:32 | Create | Conquistador |
| 21:32 | Create | Conquistador |
| 21:57 | Create | Conquistador |
| 22:15 | Create | Conquistador |
| 22:37 | Create | Conquistador |
| 22:44 | Create | Villager (Male) |
| 22:45 | Create | Villager (Male) |
| 22:45 | Create | Villager (Male) |
Build order — Crizz Mx
111 actions detected in the replay
| 0:46 | Build | Town Center |
| 2:16 | Build | Dock |
| 2:18 | Build | House |
| 3:00 | Create | Villager (Male) |
| 3:00 | Create | Villager (Male) |
| 3:00 | Create | Villager (Male) |
| 3:29 | Create | Villager (Male) |
| 3:29 | Create | Villager (Male) |
| 3:36 | Create | Fishing Ship |
| 4:31 | Create | Villager (Male) |
| 5:03 | Create | Villager (Male) |
| 5:04 | Create | Villager (Male) |
| 5:44 | Create | Villager (Male) |
| 5:53 | Create | Fishing Ship |
| 6:15 | Create | Villager (Male) |
| 6:27 | Create | Fishing Ship |
| 6:30 | Build | House |
| 6:38 | Research | Loom |
| 7:04 | Create | Villager (Male) |
| 7:04 | Create | Villager (Male) |
| 7:09 | Create | Fishing Ship |
| 7:14 | Create | Fishing Ship |
| 7:19 | Create | Villager (Male) |
| 7:35 | Create | Villager (Male) |
| 7:44 | Build | House |
| 7:56 | Create | Fishing Ship |
| 7:58 | Create | Villager (Male) |
| 8:25 | Build | House |
| 8:31 | Create | Villager (Male) |
| 8:51 | Build | Lumber Camp |
| 8:54 | Create | Villager (Male) |
| 9:01 | Create | Villager (Male) |
| 9:25 | Build | Dock |
| 9:29 | Create | Villager (Male) |
| 9:39 | Create | Fishing Ship |
| 9:39 | Create | Fishing Ship |
| 9:47 | Build | House |
| 9:49 | Create | Villager (Male) |
| 10:04 | Create | Fishing Ship |
| 10:11 | Create | Fishing Ship |
| 10:25 | Create | Fishing Ship |
| 10:43 | Create | Fishing Ship |
| 10:50 | Create | Villager (Male) |
| 10:55 | Build | Mill |
| 11:15 | Create | Villager (Male) |
| 11:47 | Build | Dock |
| 11:49 | Create | Fishing Ship |
| 11:52 | Create | Fishing Ship |
| 11:54 | Create | Villager (Male) |
| 11:55 | Create | Villager (Male) |
| 12:21 | Research | Feudal Age |
| 12:29 | Build | Mining Camp |
| 12:50 | Create | Villager (Male) |
| 12:54 | Create | Fishing Ship |
| 12:54 | Create | Fishing Ship |
| 12:58 | Create | Fishing Ship |
| 13:01 | Create | Fishing Ship |
| 13:11 | Build | House |
| 13:12 | Build | House |
| 13:50 | Create | Villager (Male) |
| 14:25 | Age | Feudal Age |
| 14:29 | Build | Watch Tower |
| 14:33 | Create | Villager (Male) |
| 14:45 | Build | Blacksmith |
| 14:48 | Build | Market |
| 14:56 | Create | Villager (Male) |
| 14:58 | Research | Double-Bit Axe |
| 15:05 | Build | Watch Tower |
| 15:19 | Create | Villager (Male) |
| 15:26 | Build | House |
| 16:04 | Create | Fishing Ship |
| 16:15 | Research | Castle Age |
| 16:31 | Build | Mining Camp |
| 17:09 | Build | Dock |
| 17:40 | Research | Stone Mining |
| 18:16 | Research | Fletching |
| 18:25 | Create | Villager (Male) |
| 18:26 | Create | Villager (Male) |
| 18:43 | Create | Villager (Male) |
| 18:44 | Create | Villager (Male) |
| 18:44 | Age | Castle Age |
| 19:10 | Build | Castle |
| 19:16 | Research | Bodkin Arrow |
| 19:27 | Create | Villager (Male) |
| 19:31 | Build | Town Center |
| 19:33 | Create | Villager (Male) |
| 19:45 | Create | Villager (Male) |
| 20:23 | Build | Town Center |
| 20:25 | Create | Villager (Male) |
| 20:36 | Create | Villager (Male) |
| 20:54 | Create | Villager (Male) |
| 20:54 | Create | Villager (Male) |
| 21:02 | Create | Villager (Male) |
| 21:07 | Build | Lumber Camp |
| 21:12 | Create | Villager (Male) |
| 21:12 | Create | Villager (Male) |
| 21:24 | Create | Villager (Male) |
| 21:28 | Create | Villager (Male) |
| 21:35 | Create | Villager (Male) |
| 21:57 | Create | Villager (Male) |
| 21:58 | Create | Villager (Male) |
| 22:03 | Create | Villager (Male) |
| 22:05 | Create | Villager (Male) |
| 22:09 | Build | Farm |
| 22:10 | Build | Farm |
| 22:12 | Build | Farm |
| 22:13 | Create | Villager (Male) |
| 22:18 | Create | Villager (Male) |
| 22:20 | Create | Villager (Male) |
| 22:29 | Build | Barracks |
| 22:37 | Create | Villager (Male) |
Match timeline
| 0:28 | Hakka1_90 · first_building Dock |
| 0:41 | Quinton_ · first_building Dock |
| 0:43 | Quinton_ · wall_segment Palisade Wall x1 |
| 0:44 | Quinton_ · wall_segment Palisade Wall x1 |
| 0:51 | WalterWhite · first_building Dock |
| 0:57 | kingofarena · first_building Dock |
| 1:01 | Elite Female Villager · first_building Dock |
| 1:02 | Elite Female Villager · wall_segment Palisade Wall x1 |
| 1:07 | Elite Female Villager · wall_segment Palisade Wall x1 |
| 1:16 | Jjota · first_building Dock |
| 2:16 | Crizz Mx · first_building Dock |
| 3:34 | HATamaTAH · first_building Dock |
| 11:37 | HATamaTAH · wall_segment Palisade Wall x5 |
| 12:01 | Jjota · wall_segment Palisade Wall x1 |
| 12:02 | Jjota · wall_segment Palisade Wall x1 |
| 12:37 | Hakka1_90 · age_up feudal |
| 12:46 | HATamaTAH · wall_segment Palisade Wall x4 |
| 13:04 | Hakka1_90 · wall_segment Stone Wall x2 |
| 13:08 | Jjota · age_up feudal |
| 13:23 | HATamaTAH · wall_segment Palisade Wall x1 |
| 13:30 | HATamaTAH · age_up feudal |
| 13:36 | kingofarena · age_up feudal |
| 13:45 | Elite Female Villager · age_up feudal |
| 13:47 | WalterWhite · wall_segment Palisade Wall x12 |
| 13:59 | WalterWhite · age_up feudal |
| 14:19 | Hakka1_90 · wall_segment Stone Wall x1 |
| 14:20 | Hakka1_90 · wall_segment Stone Wall x1 |
| 14:22 | Hakka1_90 · wall_segment Stone Wall x7 |
| 14:25 | Crizz Mx · age_up feudal |
| 14:38 | Quinton_ · age_up feudal |
| 14:52 | kingofarena · first_market_buy 100 food |
| 15:07 | Elite Female Villager · first_market_sell 100 stone |
| 15:38 | WalterWhite · first_market_sell 100 stone |
| 15:49 | WalterWhite · first_market_buy 100 food |
| 16:14 | Crizz Mx · first_market_sell 100 wood |
| 16:57 | Hakka1_90 · age_up castle |
| 17:34 | kingofarena · age_up castle |
| 17:36 | Hakka1_90 · first_building Castle |
| 17:41 | kingofarena · first_building Castle |
| 17:46 | HATamaTAH · first_building Barracks |
| 17:48 | Elite Female Villager · age_up castle |
| 17:49 | Hakka1_90 · first_market_buy 100 stone |
| 17:57 | HATamaTAH · wall_segment Palisade Wall x5 |
| 18:03 | kingofarena · first_market_sell 100 food |
| 18:29 | Hakka1_90 · wall_segment Palisade Wall x3 |
| 18:29 | Elite Female Villager · first_building Castle |
| 18:30 | WalterWhite · age_up castle |
| 18:44 | Crizz Mx · age_up castle |
| 18:50 | Crizz Mx · first_market_buy 100 stone |
| 19:09 | Quinton_ · age_up castle |
| 19:10 | Crizz Mx · first_building Castle |
| 20:20 | Quinton_ · first_building Castle |
| 21:11 | HATamaTAH · wall_segment Palisade Wall x1 |
| 21:18 | Jjota · age_up castle |
| 21:33 | Hakka1_90 · first_market_sell 100 wood |
| 21:56 | Quinton_ · resign |
| 21:56 | Jjota · wall_segment Stone Wall x6 |
| 21:59 | Jjota · wall_segment Stone Wall x5 |
| 22:02 | Jjota · wall_segment Stone Wall x6 |
| 22:06 | Jjota · wall_segment Stone Wall x4 |
| 22:08 | Jjota · wall_segment Stone Wall x5 |
| 22:29 | Crizz Mx · first_building Barracks |
[ AI ANALYSIS · 1 CREDIT ]
What really happened in this match?
Wolo.gg analyzes every decision: build order, eco, micro, common mistakes by bracket. Personalized analysis on WhatsApp or Discord in 30 seconds.
Civ guide
Vietnamese
Map guide
Nomad
Perfil
Jugador #438906